 Dungeon Crawl Stone Soup version 0.31-a0-819-gf6de2f5ab6 (webtiles) character file.

Game seed: 12428863103831857937

80 Shayle the Trooper (level 4, 0/44 HPs)
             Began as an Ogre Hexslinger on Sept 24, 2023.
             Killed from afar by an orc wizard (10 damage)
             ... with a puff of flame
             ... on level 2 of the Dungeon.
             The game lasted 00:02:35 (2090 turns).

Shayle the Trooper (Ogre Hexslinger)                Turns: 2090, Time: 00:02:36

Health: 0/44       AC:  3    Str: 12    XL:     4   Next: 39%
Magic:  7/7        EV: 10    Int: 16    God:
Gold:   68         SH:  0    Dex: 11    Spells: 7/7 levels left

rFire   . . .        a - +1 sling
rCold   . . .        (no shield)
rNeg    . . .        c - +0 robe
rPois   .            (helmet restricted)
rElec   .            (no cloak)
rCorr   .            (gloves unavailable)
SInv    .            (boots unavailable)
Will    .....        (no amulet)
Stlth   +            (no ring)
HPRegen 0.27/turn    (no ring)
MPRegen 0.10/turn

%: no passive effects
@: no status effects
A: large, unfitting armour, tough skin 1
a: no special abilities


You were on level 2 of the Dungeon.
You visited 1 branch of the dungeon, and saw 3 of its levels.

You collected 110 gold pieces.
You spent 42 gold pieces at shops.

Inventory:

Hand Weapons
 a - a +1 sling (weapon)
 k - a +0 dagger of draining
Armour
 c - a +0 robe (worn)
Scrolls
 b - a scroll of poison
 f - a scroll of noise {unknown}
 g - a scroll of vulnerability {unknown}
 i - 2 scrolls of teleportation {unknown}
 l - a scroll of revelation {unknown}
 m - a scroll of fear {unknown}
 n - a scroll of immolation {unknown}
Potions
 d - a potion of heal wounds {unknown}
 e - a potion of invisibility {unknown}
 h - 2 potions of brilliance {unknown}
 j - 2 potions of lignification


   Skills:
 + Level 2.9 Fighting
 - Level 1.3 Ranged Weapons
 + Level 2.5 Dodging
 + Level 2.3 Spellcasting
 - Level 2.6 Hexes
 - Level 0.8 Fire Magic
 + Level 2.0 Invocations


You had 7 spell levels left.
You didn't know any spells.
Your spell library contained the following spells:

 Spells                   Type           Power      Damage    Failure   Level
 Jinxbite                 Hex            20%        N/A       10%         2
 Necrotise                Necr           4%         1d4       21%         1
 Sigil of Binding         Hex            10%        N/A       21%         3
 Inner Flame              Hex/Fire       7%         N/A       28%         3
 Static Discharge         Conj/Air       2%         2-3/arc   30%         2
 Vampiric Draining        Necr           1%         2d6       52%         3
 Cause Fear               Hex            5%         N/A       54%         4
 Dimensional Bullseye     Hex/Tloc       3%         N/A       75%         4
 Airstrike                Air            0%         2d(1-17)  89%         4
 Summon Lightning Spire   Summ/Air       1%         N/A       89%         4
 Agony                    Necr           1%         N/A       99%         5
 Haunt                    Necr/Summ      0%         N/A       100%        7
 Borgnjor's Revivificati  Necr           0%         N/A       100%        8
 Death's Door             Necr           0%         N/A       100%        9


Dungeon Overview and Level Annotations

Branches:
Dungeon (3/15)

Altars:

Shops:
D:3 !


Innate Abilities, Weirdness & Mutations

You are too large for most types of armour.
You have tough skin. (AC +1)


Message History

The hobgoblin hits you but does no damage.
Things that are here:
a +0 dagger; a +0 leather armour The hobgoblin attacks as it pursues you!
The hobgoblin closely misses you. The hobgoblin completely misses you.
There is a stone staircase leading up here.
You shoot a sling bullet. The sling bullet hits the hobgoblin!
You kill the hobgoblin!
You climb upwards.
Reactivating autopickup.
There is a stone staircase leading down here.
You shoot a sling bullet. Something hits you.
Deactivating autopickup; reactivate with Ctrl-A.
You shoot a sling bullet.
Something hits you but does no damage. x2
You shoot a sling bullet.
You hear some strange, mumbled words.
A puff of flame appears from out of thin air!
The puff of flame hits you.
You shoot a sling bullet. Something hits you.
You shoot a sling bullet. Something hits you.
You hear some strange, mumbled words.
Something tries to affect you, but you resist.
You shoot a sling bullet. Something hits you.
You shoot a sling bullet. Something hits you.
You shoot a sling bullet.
You hear some strange, mumbled words.
A puff of flame appears from out of thin air!
The puff of flame hits you!
* * * LOW HITPOINT WARNING * * *
Something hits you but does no damage.
You shoot a sling bullet. Something hits you.
* * * LOW HITPOINT WARNING * * *
You shoot a sling bullet. Something hits you.
* * * LOW HITPOINT WARNING * * *
You shoot a sling bullet.
You hear some strange, mumbled words.
A puff of flame appears from out of thin air!
The puff of flame hits you!
You die...

################.# #.####
....)............# #....#
################.# #.#.## #.#
#.#.# #.# #.#.# #.# #.#.# #.#
#.#.#
################.#########.#.#
................@..........#.#
####...#########{###########.#
# #...# ###.)#......#..#.# #
#...# ##....#.#.##.#..#.# #
#...# #.......#.##.#..#.# #
#...#####..##.#.#.##.#..#.# #
#...##.....##.#.#.##.#..#.# #
#......##.###.#.#.##.#<.#.# #
#....####.# #.#.#.##.##.#.#


There were no monsters in sight!

Vanquished Creatures
  3 adders (D:2)
  A dart slug (D:1)
  An orc (D:3)
  3 ball pythons
  3 endoplasms (D:2)
  2 giant cockroaches
  3 goblins
  3 hobgoblins
  6 jackals
  7 kobolds
  3 quokkas (D:2)
  5 bats
  4 frilled lizards
  3 rats
47 creatures vanquished.

Notes
Turn   | Place    | Note
-------+----------+-------------------------------------------
     0 | D:1      | Shayle the Ogre Hexslinger began the quest for the Orb.
     0 | D:1      | Reached XP level 1. HP: 19/19 MP: 2/2
   111 | D:1      | Reached XP level 2. HP: 28/28 MP: 4/4
   574 | D:1      | Reached skill level 1 in Invocations
  1091 | D:2      | Reached XP level 3. HP: 35/35 MP: 5/5
  1567 | D:2      | Reached XP level 4. HP: 23/44 MP: 7/7
  2040 | D:3      | Found Wumuff's Distillery.
  2046 | D:3      | Bought a potion of lignification for 42 gold pieces
  2090 | D:2      | Killed from afar by an orc wizard

Illustrated notes

Levels and vault maps discovered:
D:1:      heliophobic_arrival_dark_side_of_the_moon, layout_basic,
          chequers_serial_rivers_large_a, minmay_small_reverse_x
D:2:      layout_basic
D:3:      layout_loops_ring, serial_shops, nicolae_shop_tiny_statue_garden,
          nicolae_shop_gaudy_bauble, shop, nicolae_shop_crystal, shop

Skill      XL: |  1  2  3  4 |
---------------+-------------+-----
Dodging        | 2 |  2.5
Fighting       | 2 |  2.9
Invocations    | 1 2 |  2.0
Spellcasting   | 2 |  2.3
Ranged Weapons | |  1.3
Hexes          | |  2.6
Fire Magic     | |  0.8

Action                     |  1- 3 |  4- 6 || total
---------------------------+-------+-------++-------
   Fire: Sling             |   113 |    58 ||   171
 Armour: Robe              |    56 |    28 ||    84
  Dodge: Dodged            |    42 |    14 ||    56

Table legend: (Time is in decaauts)
 A = Elapsed time spent in this place.
 B = Non-inter-level travel time spent in this place.
 C = Inter-level travel time spent in this place.
 D = Time resting spent in this place.
 E = Time spent auto-exploring this place.
 F = Levels seen in this place.
 G = Mean time per level.
                   A        B        C        D        E       F      G
               +--------+--------+--------+--------+--------+-----+--------+
         Total |   2147 |   2125 |     22 |    221 |   1512 |   3 |  715.7 |
       Dungeon |   2147 |   2125 |     22 |    221 |   1512 |   3 |  715.7 |
               +--------+--------+--------+--------+--------+-----+--------+

Top non-repeatable levels by time:
     D:2: 1092 daAuts
     D:1: 1013 daAuts
     D:3: 42 daAuts
